 Dungeon Crawl Stone Soup version 0.31-a0-675-g238779eb0a (webtiles) character file.

Game seed: 8396209130356947850

8093 qw the Skirmisher (level 11, -8/71 HPs)
             Began as a Gargoyle Hunter on Sept 5, 2023.
             Was a Priest of Okawaru.
             Mangled by a meliai
             ... wielding a +1 war axe of venom
              (9 damage)
             ... on level 10 of the Dungeon.
             The game lasted 00:03:26 (7949 turns).

qw the Skirmisher (Gargoyle Hunter)                 Turns: 7949, Time: 00:03:26

Health: -8/71      AC: 17    Str: 16    XL:     11   Next: 25%
Magic:  13/14      EV: 17    Int:  9    God:    Okawaru [***...]
Gold:   43         SH:  5    Dex: 17    Spells: 10/10 levels left

rFire   . . .        Y - +5 orcbow (flame)
rCold   + . .        (shield currently unavailable)
rNeg    + . .        j - +0 steam dragon scales
rPois   inf          k - +0 helmet
rElec   +            (no cloak)
rCorr   .            m - +0 pair of gloves
SInv    .            (no boots)
Will    .....        i - amulet of reflection
Stlth   +++          b - +4 ring of slaying {mikee}
HPRegen 0.31/turn    (no ring)
MPRegen 0.14/turn

%: reflection
@: about to teleport, heroic
A: sickness immunity, AC +8, negative energy resistance 1, electricity
resistance, torment resistance 1, petrification resistance, cold resistance 1
a: Renounce Religion, Heroism


You were on level 10 of the Dungeon.
You worshipped Okawaru.
Okawaru was most pleased with you.
You visited 1 branch of the dungeon, and saw 10 of its levels.

You collected 425 gold pieces.
You spent 382 gold pieces at shops.


Innate Abilities, Weirdness & Mutations

You are immune to sickness and miasma.
Your stone body is resilient. (AC +8)
You are immune to poison.
You resist negative energy. (rN+)
You are resistant to electric shocks. (rElec)
You are resistant to unholy torment.
You are immune to petrification.
Your flesh is cold resistant. (rC+)


   Skills:
 - Level 9.0(14.0) Fighting
 + Level 13.8(18.8) Ranged Weapons
 - Level 4.2(9.2) Armour
 - Level 4.0(9.0) Dodging
 - Level 1.1(6.1) Stealth
 - Level 4.0 Invocations


You had 10 spell levels left.
You didn't know any spells.
Your spell library was empty.

Inventory:

Hand Weapons
 Y - a +5 orcbow of flaming (weapon)
Armour
 j - +0 steam dragon scales (worn)
 k - a +0 helmet (worn)
 m - a +0 pair of gloves (worn)
Jewellery
 b - a +4 ring of slaying (left hand) {mikee}
 e - a ring of fire
 i - an amulet of reflection (around neck)
Wands
 o - a wand of digging (6)
Scrolls
 a - a scroll of identify
 d - 3 scrolls of teleportation
Potions
 c - a potion of magic
 g - 8 potions of curing
 h - 2 potions of haste
 l - a potion of might
 n - 4 potions of enlightenment
 p - a potion of resistance
 q - a potion of mutation

Dungeon Overview and Level Annotations

Branches:
Dungeon (10/15)            Temple (0/1) D:7
   Lair: D:8-11         Orc: D:9-12

Altars:
Ashenzari
Dithmenos
Fedhas
Hepliaklqana
Kikubaaqudgha
Okawaru
Qazlal
Ru
Vehumet
Wu Jian
Xom
Zin

Shops:
D:4 !   D:10 **=

Annotations:
D:5 2 transporters
D:10 2 transporters, qw's ghost, journeyman MiHs


Message History

The tengu warrior misses you.
The tengu warrior pecks you but does no damage.
The tengu warrior misses you.
The orc wizard hits you but does no damage.
The meliai hits you with a +1 war axe of venom!
The meliai closely misses you.
7945 ||| DRINKING potion of heal wounds.
You feel much better.
The meliai hits you with a +1 war axe of venom!
The meliai stings you but does no damage.
The tengu warrior misses you.
The tengu warrior pecks you but does no damage.
The tengu warrior closely misses you. The orc wizard barely misses you.
The meliai hits you but does no damage. You block the meliai's attack.
You shoot an arrow. The arrow hits the tengu warrior!
The arrow burns the tengu warrior.
The tengu warrior is heavily wounded.
The meliai barely misses you. The meliai misses you.
The tengu warrior barely misses you.
The tengu warrior pecks you but does no damage.
The tengu warrior completely misses you.
You shoot an arrow. The arrow misses the tengu warrior.
The meliai hits you with a +1 war axe of venom.
The meliai completely misses you. The orc wizard casts a spell at you.
You easily resist.
The tengu warrior hits you with a +0 great mace!
The tengu warrior pecks you but does no damage.
The tengu warrior claws you but does no damage.
You shoot an arrow. The arrow hits the tengu warrior.
The arrow burns the tengu warrior.
The tengu warrior is heavily wounded.
The meliai misses you. The meliai completely misses you.
The meliai hits you with a +1 war axe of venom.
The meliai closely misses you. The orc wizard misses you.
You shoot an arrow.
The arrow hits the tengu warrior but does no damage.
The tengu warrior is heavily wounded.
The meliai hits you with a +1 war axe of venom!
You die...

##########
........<#
.........#
#######..#
......#..#
......#..#
.$$$. #@.#
.$}$..Qyo#
./$?..#..#
......#..#
..... #..#
##### #..#
...# #
...# #


You could see a tengu warrior, a meliai and an orc wizard.

Vanquished Creatures
  Amaemon (D:9)
  A wizard (D:10)
  Pikel (D:9)
  Joseph (D:9)
  An orange demon (D:9)
  Maggie (D:6)
  A troll (D:10)
  3 yaks (D:9)
  3 wraiths
  2 wyverns (D:9)
  2 steam dragons (D:7)
  2 acid dragons
  A water moccasin (D:7)
  2 black bears (D:6)
  An ice beast (D:6)
  3 orc warriors
  4 ogres
  A centaur (D:9)
  A phantom (D:5)
  2 lemures (D:9)
  6 bullfrogs
  2 kobold brigands
  A water moccasin zombie (D:5)
  A necrophage (D:5)
  7 wights
  10 killer bees
  2 electric eels (D:7)
  2 howler monkeys (D:9)
  A centaur zombie (D:5)
  2 bullfrog zombies (D:5)
  6 orc priests
  3 hounds
  3 sleepcaps (D:5)
  3 gnoll boudas
  A human zombie (D:5)
  5 orc wizards
  3 iguanas
  A hound zombie (D:5)
  A mummy (D:5)
  A howler monkey zombie (D:5)
  18 gnolls
  7 adders
  A shadow imp (D:6)
  A white imp (D:7)
  4 worms
  5 dart slugs
  25 orcs
  8 bats
  9 endoplasms
  2 giant cockroaches (D:1)
  6 goblins (D:1)
  9 hobgoblins
  5 quokkas
  10 ball pythons
  2 frilled lizards (D:1)
  14 kobolds
  A rat (D:2)
222 creatures vanquished.

Vanquished Creatures (others)
  A gnoll (D:7)
1 creature vanquished.

Grand Total: 223 creatures vanquished

Notes
Turn   | Place    | Note
-------+----------+-------------------------------------------
     0 | D:1      | qw the Gargoyle Hunter began the quest for the Orb.
     0 | D:1      | Reached XP level 1. HP: 12/12 MP: 1/1
     0 | D:1      | 0 ||| qw: Version: 0.3-a-75-g829b12e
     0 | D:1      | 0 ||| qw: Game counter: 33
     0 | D:1      | 0 ||| qw: Melee chars always use a shield: true
     0 | D:1      | 0 ||| qw: God list: Okawaru
     0 | D:1      | 0 ||| qw: Allow faded altars: false
     0 | D:1      | 0 ||| qw: Do Orc after clearing Dungeon:15 true
     0 | D:1      | 0 ||| qw: Do second Lair branch before Depths: true
     0 | D:1      | 0 ||| qw: Lair rune preference: random
     0 | D:1      | 0 ||| qw: Goals: Normal
     0 | D:1      | 0 ||| PLANNING D:1-11
   163 | D:1      | Reached XP level 2. HP: 13/17 MP: 2/2
   605 | D:1      | Reached XP level 3. HP: 21/21 MP: 3/3
   715 | D:1      | Reached skill level 5 in Ranged Weapons
  1074 | D:1      | 1074 ||| UPGRADING to +0 helmet.
  1079 | D:1      | 1079 ||| READING 2 scrolls labelled WANIPP RARO.
  1096 | D:1      | 1096 ||| READING scroll labelled SUPRI OCZYQUA.
  1197 | D:1      | 1197 ||| READING scroll labelled XADDO FAOD BY NOMN.
  1198 | D:1      | 1198 ||| READING scroll labelled TEBREMAUR.
  1199 | D:1      | 1199 ||| READING scroll labelled HOCKOD WEFECO.
  1200 | D:1      | 1200 ||| READING scroll labelled DUYSAU AGALA.
  1201 | D:1      | 1201 ||| READING scroll labelled JANWACYRGH TEID.
  1206 | D:1      | 1206 ||| READING scroll labelled KOJUS XOAC.
  1207 | D:1      | 1207 ||| READING scroll labelled UNNIURRUPTAU.
  1208 | D:1      | 1208 ||| READING scroll labelled QOEBLI SAALISM.
  1209 | D:1      | 1209 ||| DRINKING 4 fuming yellow potions.
  1210 | D:1      | 1210 ||| DROPPING scroll of torment.
  1211 | D:1      | 1211 ||| DROPPING scroll of butterflies.
  1366 | D:2      | Reached skill level 3 in Fighting
  1468 | D:2      | Found a faded altar of an unknown god.
  1618 | D:2      | Reached XP level 4. HP: 27/28 MP: 4/4
  1878 | D:2      | 1878 ||| UPGRADING to +4 ring of slaying {mikee}.
  1879 | D:2      | 1879 ||| READING 6 scrolls of identify.
  1879 | D:2      | 1879 ||| IDENTIFYING golden potion
  1880 | D:2      | 1880 ||| DROPPING potion of lignification.
  1976 | D:3      | Found a hazy altar of Hepliaklqana.
  2011 | D:3      | Found a shadowy altar of Dithmenos.
  2357 | D:3      | You fall into a shaft and drop 3 floors!
  2402 | D:6      | 2402 ||| UPGRADING to +0 pair of gloves.
  2407 | D:6      | 2407 ||| UPGRADING to amulet of reflection.
  2412 | D:6      | 2412 ||| READING scroll labelled HUOMALL LIYL.
  2413 | D:6      | 2413 ||| READING 5 scrolls of identify.
  2413 | D:6      | 2413 ||| IDENTIFYING inky potion
  2414 | D:6      | 2414 ||| READING 4 scrolls of identify.
  2414 | D:6      | 2414 ||| IDENTIFYING silvery potion
  2415 | D:6      | 2415 ||| READING 3 scrolls of identify.
  2415 | D:6      | 2415 ||| IDENTIFYING blue potion
  2416 | D:6      | 2416 ||| READING 2 scrolls of identify.
  2416 | D:6      | 2416 ||| IDENTIFYING bubbling dark potion
  2417 | D:6      | 2417 ||| DROPPING potion of attraction.
  2418 | D:6      | 2418 ||| DROPPING potion of brilliance.
  2419 | D:6      | 2419 ||| DROPPING potion of berserk rage.
  2428 | D:5      | Entered Level 5 of the Dungeon
  2443 | D:5      | Reached skill level 1 in Armour
  2443 | D:5      | Reached XP level 5. HP: 32/32 MP: 5/5
  2455 | D:5      | Reached skill level 6 in Ranged Weapons
  2637 | D:4      | 2637 ||| STAIRDANCE
  2650 | D:4      | 2650 ||| STAIRDANCE
  2683 | D:4      | Reached XP level 6. HP: 38/38 MP: 6/6
  2699 | D:4      | Found a blossoming altar of Fedhas.
  2793 | D:4      | Found Ofonuf's Distillery.
  2803 | D:4      | 2803 ||| BUYING potion of curing (36 gold).
  2803 | D:4      | Bought a potion of curing for 36 gold pieces
  2803 | D:4      | 2803 ||| BUYING potion of haste (120 gold).
  2803 | D:4      | Bought a potion of haste for 120 gold pieces
  2803 | D:4      | 2803 ||| SHOPLISTING potion of haste (120 gold, have 5).
  2803 | D:4      | 2803 ||| SHOPLISTING potion of might (48 gold, have 5).
  2903 | D:4      | Found a sacrificial altar of Ru.
  3096 | D:4      | 3096 ||| READING scroll labelled BUCADO SAZE.
  3096 | D:4      | Identified a scroll of acquirement
  3096 | D:4      | 3096 ||| ACQUIRING +2 orcbow of flaming
  3096 | D:4      | Acquired a +2 orcbow of flaming
  3098 | D:4      | 3098 ||| SWAPPING to +2 orcbow of flaming.
  3099 | D:4      | 3099 ||| DROPPING +0 shortbow of flaming.
  3100 | D:4      | 3100 ||| READING scroll labelled HABOFISTIE.
  3101 | D:4      | 3101 ||| READING 2 scrolls of identify.
  3101 | D:4      | 3101 ||| IDENTIFYING glowing ruby potion
  3102 | D:4      | 3102 ||| DROPPING potion of magic.
  3128 | D:5      | Found an iron altar of Okawaru.
  3129 | D:5      | 3129 ||| PLANNING OKAWARU WORSHIP
  3129 | D:5      | 3129 ||| UPGRADING to +0 ring mail.
  3139 | D:5      | 3139 ||| DROPPING +0 leather armour.
  3147 | D:5      | Became a worshipper of Warmaster Okawaru
  3148 | D:5      | 3148 ||| PLANNING D:1-11
  3180 | D:5      | Reached skill level 7 in Ranged Weapons
  3180 | D:5      | Reached XP level 7. HP: 43/43 MP: 7/7
  3236 | D:5      | 3236 ||| RETREATING.
  3248 | D:5      | 3248 ||| RETREATING.
  3250 | D:5      | 3250 ||| Stepping ~*~*~tactically~*~*~ (retreating).
  3260 | D:5      | Reached * piety under Okawaru
  3261 | D:5      | Reached skill level 8 in Ranged Weapons
  3261 | D:5      | 3261 ||| INVOKING Heroism.
  3262 | D:5      | 3262 ||| INVOKING Heroism.
  3449 | D:5      | Identified the +10 scale mail of Fudghuh {*Slow Fly rCorr
                  | Str+4}
  3449 | D:5      | Identified the +3 buckler of the Fiddle {Regen+ Dex+4}
  3465 | D:5      | Found a transporter.
  3465 | D:5      | Found a transporter.
  3531 | D:5      | Reached skill level 1 in Invocations
  3554 | D:5      | Found an ancient bone altar of Kikubaaqudgha.
  3566 | D:5      | Reached XP level 8. HP: 41/49 MP: 7/9
  3636 | D:5      | Reached skill level 3 in Invocations
  3795 | D:5      | 3795 ||| READING scroll labelled ZEASTR QUUKK.
  3914 | D:6      | 3914 ||| INVOKING Heroism.
  3920 | D:6      | Reached skill level 9 in Ranged Weapons
  3958 | D:6      | Reached ** piety under Okawaru
  3978 | D:6      | 3978 ||| INVOKING Heroism.
  3980 | D:6      | Reached skill level 6 in Fighting
  4020 | D:6      | Found an ornate altar of the Wu Jian Council.
  4084 | D:6      | Noticed Maggie
  4089 | D:6      | Killed Maggie
  4090 | D:6      | Reached XP level 9. HP: 51/55 MP: 12/12
  4183 | D:6      | 4183 ||| INVOKING Heroism.
  4186 | D:6      | Reached skill level 10 in Ranged Weapons
  4229 | D:6      | Found a broken altar of Ashenzari.
  4402 | D:6      | 4402 ||| UPGRADING to +0 steam dragon scales.
  4412 | D:6      | 4412 ||| DROPPING +0 ring mail.
  4413 | D:6      | 4413 ||| READING scroll labelled MEVEUCORPHUGAA.
  4414 | D:6      | 4414 ||| READING 2 scrolls of identify.
  4414 | D:6      | 4414 ||| IDENTIFYING white potion
  4415 | D:6      | 4415 ||| DROPPING potion of invisibility.
  4484 | D:7      | 4484 ||| INVOKING Heroism.
  4510 | D:7      | Reached skill level 3 in Dodging
  4556 | D:7      | Found Zin's Purification Station.
  4563 | D:7      | Found a glowing silver altar of Zin.
  4568 | D:7      | 4568 ||| BUYING potion of curing (90 gold).
  4568 | D:7      | Bought a potion of curing for 90 gold pieces
  4571 | D:7      | 4571 ||| INVOKING Heroism.
  4577 | D:7      | 4577 ||| Stepping ~*~*~tactically~*~*~ (outnumbered).
  4610 | D:7      | Reached skill level 3 in Armour
  4654 | D:7      | 4654 ||| READING scroll of enchant weapon.
  4654 | D:7      | 4654 ||| ENCHANTING +3 orcbow of flaming.
  4664 | D:7      | 4664 ||| RETREATING.
  4665 | D:7      | 4665 ||| INVOKING Heroism.
  5046 | D:7      | 5046 ||| INVOKING Heroism.
  5117 | D:7      | Found a staircase to the Ecumenical Temple.
  5118 | D:7      | 5118 ||| INVOKING Heroism.
  5240 | D:7      | Reached skill level 11 in Ranged Weapons
  5279 | D:7      | 5279 ||| INVOKING Heroism.
  5330 | D:7      | 5330 ||| INVOKING Heroism.
  5364 | D:7      | 5364 ||| INVOKING Heroism.
  5368 | D:7      | Reached XP level 10. HP: 64/64 MP: 10/13
  5494 | D:7      | 5494 ||| READING scroll labelled QASIRGHA WOOJI.
  5495 | D:7      | 5495 ||| READING scroll labelled ROECHYSCHOMP.
  5496 | D:7      | 5496 ||| DRINKING 2 pink potions.
  5521 | D:8      | 5521 ||| INVOKING Heroism.
  5558 | D:8      | Found a shimmering altar of Xom.
  5558 | D:8      | Found a shimmering altar of Xom.
  5559 | D:8      | Found a shimmering altar of Xom.
  5559 | D:8      | Found a shimmering altar of Xom.
  5560 | D:8      | Found a shimmering altar of Xom.
  5560 | D:8      | Found a shimmering altar of Xom.
  5573 | D:8      | Found a shimmering altar of Xom.
  5574 | D:8      | Found a shimmering altar of Xom.
  5634 | D:8      | 5634 ||| Stepping ~*~*~tactically~*~*~ (outnumbered).
  5636 | D:8      | 5636 ||| Stepping ~*~*~tactically~*~*~ (outnumbered).
  5639 | D:8      | 5639 ||| INVOKING Heroism.
  5764 | D:8      | Noticed a harpy
  5886 | D:8      | Found a stormy altar of Qazlal.
  5923 | D:8      | 5923 ||| Stepping ~*~*~tactically~*~*~ (outnumbered).
  5925 | D:8      | 5925 ||| Stepping ~*~*~tactically~*~*~ (outnumbered).
  5927 | D:8      | 5927 ||| Stepping ~*~*~tactically~*~*~ (outnumbered).
  6012 | D:8      | 6012 ||| READING scroll of enchant weapon.
  6012 | D:8      | 6012 ||| ENCHANTING +4 orcbow of flaming.
  6283 | D:8      | Found a radiant altar of Vehumet.
  6455 | D:9      | Reached skill level 12 in Ranged Weapons
  6459 | D:9      | 6459 ||| RETREATING.
  6478 | D:9      | 6478 ||| INVOKING Heroism.
  6525 | D:9      | 6525 ||| FLEEEEING.
  6526 | D:9      | 6526 ||| FLEEEEING.
  6527 | D:9      | 6527 ||| FLEEEEING.
  6528 | D:9      | 6528 ||| FLEEEEING.
  6529 | D:9      | 6529 ||| FLEEEEING.
  6533 | D:9      | 6533 ||| STAIRDANCE
  6670 | D:9      | Noticed Joseph
  6674 | D:9      | 6674 ||| FLEEEEING.
  6675 | D:9      | 6675 ||| FLEEEEING.
  6676 | D:9      | 6676 ||| FLEEEEING.
  6677 | D:9      | 6677 ||| FLEEEEING.
  6678 | D:9      | 6678 ||| FLEEEEING.
  6679 | D:9      | 6679 ||| FLEEEEING.
  6684 | D:9      | 6684 ||| STAIRDANCE
  6763 | D:9      | 6763 ||| STAIRDANCE
  6827 | D:9      | 6827 ||| STAIRDANCE
  6874 | D:9      | 6874 ||| STAIRDANCE
  6934 | D:9      | Killed Joseph
  6934 | D:9      | Reached *** piety under Okawaru
  7025 | D:9      | Noticed Pikel
  7027 | D:9      | 7027 ||| RETREATING.
  7030 | D:9      | Killed Pikel
  7031 | D:9      | Reached skill level 13 in Ranged Weapons
  7136 | D:9      | Noticed Amaemon
  7137 | D:9      | 7137 ||| INVOKING Heroism.
  7137 | D:9      | Noticed an orange demon
  7138 | D:9      | 7138 ||| Stepping ~*~*~tactically~*~*~ (outnumbered).
  7141 | D:9      | 7141 ||| RETREATING.
  7146 | D:9      | 7146 ||| Stepping ~*~*~tactically~*~*~ (outnumbered).
  7153 | D:9      | 7153 ||| Stepping ~*~*~tactically~*~*~ (retreating).
  7154 | D:9      | 7154 ||| Stepping ~*~*~tactically~*~*~ (retreating).
  7155 | D:9      | 7155 ||| Stepping ~*~*~tactically~*~*~ (retreating).
  7156 | D:9      | 7156 ||| Stepping ~*~*~tactically~*~*~ (retreating).
  7157 | D:9      | 7157 ||| Stepping ~*~*~tactically~*~*~ (retreating).
  7165 | D:9      | 7165 ||| INVOKING Heroism.
  7169 | D:9      | Killed Amaemon
  7170 | D:9      | Reached skill level 9 in Fighting
  7171 | D:9      | Killed an orange demon
  7172 | D:9      | Reached XP level 11. HP: 66/71 MP: 11/14
  7289 | D:9      | 7289 ||| DROPPING ring of magical power.
  7300 | D:10     | Entered Level 10 of the Dungeon
  7344 | D:10     | Found Mappil's General Store.
  7352 | D:10     | 7352 ||| SHOPLISTING +1 ring mail of cold resistance (224
                  | gold, have 160).
  7352 | D:10     | 7352 ||| SHOPLISTING scroll of acquirement (728 gold, have
                  | 160).
  7352 | D:10     | 7352 ||| BUYING scroll of identify (28 gold).
  7352 | D:10     | Bought a scroll of identify for 28 gold pieces
  7370 | D:10     | Found a transporter.
  7371 | D:10     | 7371 ||| INVOKING Heroism.
  7431 | D:10     | Found Tipuss's Jewellery Shop.
  7440 | D:10     | 7440 ||| SHOPLISTING +4 ring of protection (576 gold, have
                  | 132).
  7440 | D:10     | 7440 ||| SHOPLISTING ring of ice (400 gold, have 132).
  7440 | D:10     | 7440 ||| SHOPLISTING ring of protection from cold (400
                  | gold, have 132).
  7440 | D:10     | 7440 ||| SHOPLISTING ring of resist corrosion (320 gold,
                  | have 132).
  7440 | D:10     | 7440 ||| SHOPLISTING ring of see invisible (240 gold, have
                  | 132).
  7504 | D:10     | Found a transporter.
  7505 | D:10     | Noticed an oklob plant
  7505 | D:10     | Noticed qw's ghost (journeyman MiHs)
  7539 | D:10     | 7539 ||| INVOKING Heroism.
  7562 | D:10     | Found Goel Boy's Assorted Antiques.
  7572 | D:10     | 7572 ||| BUYING bone wand (108 gold).
  7572 | D:10     | Bought a bone wand for 108 gold pieces
  7572 | D:10     | 7572 ||| SHOPLISTING scroll of identify (54 gold, have 24).
  7800 | D:10     | 7800 ||| DRINKING 2 murky cyan potions.
  7800 | D:10     | Gained mutation: Your flesh is cold resistant. (rC+)
                  | [potion of mutation]
  7801 | D:10     | 7801 ||| READING 3 scrolls of identify.
  7801 | D:10     | 7801 ||| IDENTIFYING sedimented silvery potion
  7802 | D:10     | 7802 ||| READING 2 scrolls of identify.
  7802 | D:10     | 7802 ||| IDENTIFYING emerald potion
  7803 | D:10     | 7803 ||| DROPPING potion of ambrosia.
  7804 | D:10     | 7804 ||| DROPPING wand of quicksilver (3).
  7928 | D:10     | Noticed a wizard
  7930 | D:10     | Noticed a tengu warrior
  7935 | D:10     | Killed a wizard
  7937 | D:10     | 7937 ||| INVOKING Heroism.
  7943 | D:10     | HP: 17/71 [meliai/+1 war axe of venom (4)]
  7944 | D:10     | 7944 ||| READING 4 scrolls of teleportation.
  7944 | D:10     | HP: 7/71 [meliai/+1 war axe of venom (11)]
  7945 | D:10     | 7945 ||| DRINKING potion of heal wounds.
  7947 | D:10     | HP: 3/71 [tengu warrior/+0 great mace (8)]
  7948 | D:10     | HP: 1/71 [meliai/+1 war axe of venom (3)]
  7949 | D:10     | Mangled by a meliai

Levels and vault maps discovered:
D:1:      roderic_octagonal_star, layout_basic, minmay_pentomino_q2
D:2:      layout_loops_ring, shapermc_ecumenical_altar_ellora
D:3:      layout_basic, nzn_hepliaklqana_mist_gate,
          nicolae_dithmenos_shadow_blocks
D:4:      cheibrodos_old_hovel, layout_cave_pools, kennysheep_little_box,
          fedhas_altar_3, serial_shops, shop, chequers_serial_rivers_large_b
D:5:      layout_rooms, okawaru_trees_1, lemuel_mausoleum_altar_kikubaaqudgha,
          gammafunk_ghost_gnarly_gnolls, feat_on_display
D:6:      layout_gridville, ashenzari_altar_1, nicolae_overflow_crystal_walls,
          minmay_tree_intersection, uniq_maggie
D:7:      layout_loops_corners, zin_purify, minmay_temple_entry_proselytizer,
          lightli_minifort
D:8:      layout_basic, xom_shifter_show, nicolae_qazlal_eye_of_the_storm,
          nicolae_overflow_hidden_temple
D:9:      layout_basic, uniq_joseph, uniq_pikel, uniq_amaemon
D:10:     cheibrodos_elevator_heist, layout_basic, nzn_ghost_randoct,
          serial_shops, nicolae_shop_pleasant_corner_grove, shop,
          nicolae_shop_rolling_square, hangedman_decor_peaks_small

Skill      XL: |  1  2  3  4  5  6  7  8  9 10 |
---------------+-------------------------------+-----
Ranged Weapons | 5 6 7 8 9 11 13 | 13.8
Fighting       | 3 4 5 6 8 9 |  9.0
Armour         | 1 2 3 4 |  4.2
Invocations    | 1 4 |  4.0
Dodging        | 2 3 4 |  4.0
Stealth        | |  1.1

Action                     |  1- 3 |  4- 6 |  7- 9 | 10-12 || total
---------------------------+-------+-------+-------+-------++-------
   Fire: Shortbow          |   101 |    85 |       |       ||   186
         Orcbow            |       |     7 |   229 |   203 ||   439
 Invoke: Heroism           |       |       |    12 |     8 ||    20
    Use: Scroll            |    10 |     9 |     4 |     6 ||    29
         Potion            |     1 |       |       |     3 ||     4
 Armour: Leather armour    |    29 |    18 |       |       ||    47
         Ring mail         |       |       |    53 |       ||    53
         Steam dragon scal |       |       |    27 |    67 ||    94
  Dodge: Dodged            |    23 |    11 |    50 |    77 ||   161
  Block: Other             |       |     7 |    18 |    24 ||    49
         Reflection        |       |       |       |     4 ||     4

Table legend:
 A = Non-vault XP
 B = Vault XP
 C = Vault XP percentage of total XP
 D = Non-vault monster count
 E = Vault monster count
 F = Vault count percentage of total count
                 A         B        C        D         E       F
            +---------+---------+-------+---------+---------+-------
      Total |    7348 |    4214 |  36.4 |     195 |      25 |  11.4
            +---------+---------+-------+---------+---------+-------
        D:1 |      44 |       6 |  12.0 |      27 |       2 |   6.9
        D:2 |      32 |       0 |   0.0 |       8 |       0 |   0.0
        D:3 |     117 |       0 |   0.0 |      18 |       0 |   0.0
        D:4 |     221 |       4 |   1.8 |      15 |       1 |   6.2
        D:5 |     707 |     620 |  46.7 |      19 |      12 |  38.7
        D:6 |     686 |     415 |  37.7 |      12 |       1 |   7.7
        D:7 |    1672 |     178 |   9.6 |      39 |       4 |   9.3
        D:8 |     692 |       0 |   0.0 |      20 |       0 |   0.0
        D:9 |    1883 |    2336 |  55.4 |      19 |       4 |  17.4
       D:10 |    1294 |     655 |  33.6 |      18 |       1 |   5.3
            +---------+---------+-------+---------+---------+-------
